 Dungeon Sprint DCSS version 0.29.1-2-gbd0b4ee654 (webtiles) character file.

Game seed: 12836360350509902814

42662 Zeld the Executioner (level 13, -25/126 (139) HPs)
             Began as a Minotaur Berserker on Oct 26, 2022.
             Was the Champion of Trog.
             Killed from afar by a Tzitzimitl (32 damage)
             ... with a bolt of negative energy
             ... summoned by a deep elf demonologist
             ... in the Dungeon (Sprint III: "The Ten Rune Challenge").
             The game lasted 00:13:52 (8222 turns).

Zeld the Executioner (Minotaur Berserker)           Turns: 8222, Time: 00:13:53

HP:   -25/126 (139) AC: 16    Str: 27    XL:     13   Next: 16%
MP:   4/4           EV: 18    Int:  4    God:    Trog [******]
Gold: 1929          SH:  0    Dex: 13    Spells: 12/12 levels left

rFire   + . .      SeeInvis .   a - +2 executioner's axe (antimagic)
rCold   + . .      Faith    .   (shield currently unavailable)
rNeg    . . .      Spirit   .   b - +2 scale mail {rPois}
rPois   +          Reflect  .   (helmet restricted)
rElec   .          Harm     .   (no cloak)
rCorr   +          Rampage  +   o - +1 pair of gloves "Ecsaeph" {Rampage Dex+3}
Will    ++...      NoTele   +   (no boots)
Stlth   +.........              (no amulet)
HPRegen 1.31/turn               p - ring of Ruthep {rF+ rC+ rCorr Stlth+}
MPRegen 0.09/turn               (no ring)

@: strong-willed, on berserk cooldown, flying, regenerating, slowed, drained,
very slow
A: horns 2, retaliatory headbutt
}: 1/10 runes: barnacled
a: Renounce Religion, Berserk, Trog's Hand, Brothers in Arms


You were in the Dungeon.
You worshipped Trog.
Trog was exalted by your worship.
You visited 1 branch You collected 3040 gold pieces.
You spent 1111 gold pieces at shops.

Inventory:

Hand Weapons
 a - a +2 antimagic executioner's axe (weapon)
 m - a +1 battleaxe of flaming
Armour
 b - a +2 scale mail of poison resistance (worn)
 o - the +1 pair of gloves "Ecsaeph" (worn) {Rampage Dex+3}
   (You found it in the Dungeon)

   Dex:       It affects your dexterity (+3).
   Rampage:   It bestows one free step when moving towards enemies.
Jewellery
 p - the ring of Ruthep (left hand) {rF+ rC+ rCorr Stlth+}
   (You bought it in a shop in the Dungeon)

   [ring of protection from fire]

   rF:        It protects you from fire.
   rC:        It protects you from cold.
   rCorr:     It protects you from acid and corrosion.
   Stlth:     It makes you more stealthy.
Scrolls
 d - 2 scrolls of torment
 i - 2 scrolls of identify
 l - 2 scrolls of poison
 t - a scroll of immolation
 u - a scroll of blinking
 v - a scroll of brand weapon {unknown}
Potions
 c - 3 potions of mutation {unknown}
 e - 2 potions of haste
 f - 2 potions of magic
 g - 3 potions of berserk rage
 h - a potion of cancellation {unknown}
 j - 4 potions of curing
 k - 4 potions of flight
 n - a potion of might
 r - a potion of resistance
Miscellaneous
 s - a phial of floods


   Skills:
 + Level 20.0 Fighting
 - Level 24.0 Axes
 + Level 19.9 Armour
 + Level 18.4 Dodging


You had 12 spell levels left.
You didn't know any spells.
Your spell library was empty.

Dungeon Overview and Level Annotations

Branches:
Dungeon (1/1)

Altars:
Cheibriados
Dithmenos
Elyvilon
Fedhas
Gozag
Hepliaklqana
Kikubaaqudgha
Makhleb
Nemelex Xobeh
Okawaru
Qazlal
Ru
Sif Muna
Trog
Uskayaw
Vehumet
Wu Jian
Xom
Yredelemnul
Zin
The Shining One
Jiyva
Lugonu

Shops:
D =((


Innate Abilities, Weirdness & Mutations

You have a pair of horns on your head.
You reflexively headbutt those who attack you in melee.


Message History

Unknown command.
Press: ? - help, v - describe, . - travel, g - get item
Items here: " $ ) ? [ †.
The floor, spattered with blood.
The neqoxec shouts!
The Tzitzimitl calls on the powers of darkness!
Your body is wracked with pain!
* * * LOW HITPOINT WARNING * * *
Things that are here:
a +0 long sword; a +0 leather armour You feel much better.
The Tzitzimitl calls on the powers of darkness!
Your body is wracked with pain!
* * * LOW HITPOINT WARNING * * *
The Tzitzimitl calls on the powers of darkness!
Your body is wracked with pain!
* * * LOW HITPOINT WARNING * * *
The deep elf demonologist convulses!
There is an open door here.
Your stone giant goes berserk!
The neqoxec gestures at you.
Something tries to feed on your intellect!
The deep elf demonologist mumbles some strange words.
The Tzitzimitl gestures at you. The bolt of negative energy hits you!
You feel drained.
* * * LOW HITPOINT WARNING * * *
You swap places.
The neqoxec disappears in a puff of smoke!
Your stone giant rages.
Your skin crawls.
You feel strong-willed.
Your stone giant hits the hellwing!!!
The hellwing dies!
The hellwing disappears in a puff of smoke!
The Tzitzimitl gestures at you. The bolt of negative energy misses you.
Your stone giant hits the Tzitzimitl!!
Unknown command.
The Tzitzimitl gestures at you. The bolt of negative energy hits you!!
You feel drained.
You die...

▓▓▓ #####
#######.#################
_#__###.#...#..'.#...##....'...
.#._#..........#.#...##≈≈≈≈##..
##)##........#.#@#..)≈≈3ee.....
....#)).......##.#C).##≈≈≈≈##..
....#)∩.##...###.1)§.##.e..'...
###'#)##.##### ################
#...#'###########################
#...#.)~~~'.#.'...'.#.#.#)')..~≈#
#...#.#§§§#.#.#.).##.#.#.##†..~≈#
#...).#§§§#.#.#)).#.#.#.#.#...~≈≈
'...#.#§..#...#...##.#.#.##...~~~


You could see a Tzitzimitl (summoned), a smoke demon (summoned) and a friendly
stone giant (summoned, berserk).

Vanquished Creatures
  Rupert (D)
  A deep elf blademaster (D)
  A kraken (D)
  Dowan (D)
  A ghost moth (D)
  2 dire elephants (D)
  A deep elf annihilator (D)
  A deep elf death mage (D)
  Snorg (D)
  A fire dragon (D)
  2 hydras (D)
  A centaur warrior (D)
  3 death yaks (D)
  Urug (D)
  A deep elf knight (D)
  A death drake (D)
  A spriggan druid (D)
  2 orc knights (D)
  A lindwurm (D)
  3 deep elf zephyrmancers (D)
  2 deep elf pyromancers (D)
  An orc sorcerer (D)
  2 elephants (D)
  2 cane toads (D)
  2 black mambas (D)
  Duvessa (D)
  A rime drake (D)
  A komodo dragon (D)
  A queen bee (D)
  6 snapping turtles (D)
  A hornet (D)
  2 tyrant leeches (D)
  7 blink frogs (D)
  2 spriggans (D)
  A shadow (D)
  3 redbacks (D)
  A spatial vortex (D)
  A hydra simulacrum (D)
  A swamp drake (D)
  2 fire dragon simulacra (D)
  2 orc warriors (D)
  A black mamba simulacrum (D)
  2 centaurs (D)
  An earth elemental (D)
  A necrophage (D)
  A scorpion (D)
  A water elemental (D)
  32 killer bees (D)
  An electric eel (D)
  3 wandering mushrooms (D)
  A jelly (D)
  An orc priest (D)
  A wizard (D)
  Jessica (D)
  A necromancer (D)
  3 orc wizards (D)
  A kobold demonologist (D)
  3 humans (D)
  6 orcs (D)
  3 rats (D)
  A ball lightning (D)
  3 tentacles (D)
137 creatures vanquished.

Vanquished Creatures (collateral kills)
  An orc high priest (D)
  An unseen horror (D)
  An orc warrior (D)
  An orc wizard (D)
  An orc (D)
5 creatures vanquished.

Vanquished Creatures (others)
  A ballistomycete spore (D)
  3 fungi (D)
  56 plants (D)
  4 tentacles (D)
64 creatures vanquished.

Grand Total: 206 creatures vanquished

Notes
Turn   | Place    | Note
-------+----------+-------------------------------------------
     0 | D        | Zeld the Minotaur Berserker began the quest for the Orb.
     0 | D        | Reached XP level 1. HP: 19/19 MP: 0/0
     5 | D        | Reached skill level 4 in Axes
    10 | D        | Noticed Jessica
    15 | D        | Reached ** piety under Trog
    19 | D        | Killed Jessica
    20 | D        | Reached skill level 5 in Axes
    20 | D        | Reached XP level 2. HP: 21/28 MP: 1/1
   119 | D        | Reached skill level 5 in Fighting
   119 | D        | Reached skill level 6 in Axes
   119 | D        | Reached XP level 3. HP: 36/36 MP: 2/2
   199 | D        | Noticed a water elemental
   204 | D        | Killed a water elemental
   205 | D        | Reached skill level 7 in Axes
   205 | D        | Reached skill level 5 in Armour
   205 | D        | Reached XP level 4. HP: 25/44 MP: 3/3
   216 | D        | Noticed a scorpion
   230 | D        | Killed a scorpion
   230 | D        | Reached *** piety under Trog
   231 | D        | Reached skill level 8 in Axes
   231 | D        | Reached skill level 5 in Dodging
   231 | D        | Reached XP level 5. HP: 30/51 MP: 4/4
   364 | D        | Found a radiant altar of Vehumet.
   364 | D        | Found a shimmering blue altar of Sif Muna.
   364 | D        | Found an ancient bone altar of Kikubaaqudgha.
   369 | D        | Reached skill level 9 in Axes
   418 | D        | Found a glowing silver altar of Zin.
   418 | D        | Found a glowing golden altar of the Shining One.
   418 | D        | Found a white marble altar of Elyvilon.
   419 | D        | Noticed a deep elf pyromancer
   422 | D        | Killed a deep elf pyromancer
   422 | D        | Reached **** piety under Trog
   423 | D        | Reached skill level 12 in Axes
   423 | D        | Reached XP level 6. HP: 63/63 MP: 5/5
   423 | D        | Reached XP level 7. HP: 70/70 MP: 6/6
   461 | D        | Found a hide-covered altar of Uskayaw.
   461 | D        | Found an iron altar of Okawaru.
   461 | D        | Found a bloodstained altar of Trog.
   461 | D        | Found an ornate altar of the Wu Jian Council.
   461 | D        | Noticed a human
   463 | D        | Noticed a human
   466 | D        | Killed a human
   467 | D        | Reached skill level 13 in Axes
   476 | D        | Killed a human
   558 | D        | Found a basalt altar of Yredelemnul.
   558 | D        | Found a shadowy altar of Dithmenos.
   558 | D        | Found a sacrificial altar of Ru.
   564 | D        | Reached skill level 10 in Fighting
   654 | D        | Noticed a shadow
   660 | D        | Reached XP level 8. HP: 79/79 MP: 7/7
   665 | D        | Reached ***** piety under Trog
   666 | D        | Reached skill level 14 in Axes
   666 | D        | Reached skill level 10 in Armour
   788 | D        | Found a blossoming altar of Fedhas.
   788 | D        | Found a stormy altar of Qazlal.
   788 | D        | Found a snail-covered altar of Cheibriados.
   788 | D        | Found a burning altar of Makhleb.
   788 | D        | Found a shimmering altar of Xom.
   789 | D        | Found a hazy altar of Hepliaklqana.
   789 | D        | Found an opulent altar of Gozag.
   789 | D        | Found a sparkling altar of Nemelex Xobeh.
   789 | D        | Found a corrupted altar of Lugonu.
   789 | D        | Found a viscous altar of Jiyva.
   827 | D        | Noticed Snorg
   844 | D        | Killed Snorg
   844 | D        | Received a gift from Trog
   845 | D        | Reached skill level 15 in Axes
   845 | D        | Reached skill level 10 in Dodging
  1196 | D        | Reached XP level 9. HP: 69/89 MP: 8/8
  1280 | D        | Noticed a centaur warrior
  1290 | D        | Killed a centaur warrior
  1291 | D        | Reached skill level 16 in Axes
  1495 | D        | Killed an unseen horror
  1820 | D        | Noticed a wandering mushroom
  1825 | D        | Noticed a wandering mushroom
  1827 | D        | Noticed a wandering mushroom
  2335 | D        | Reached skill level 17 in Axes
  2497 | D        | Noticed a cane toad
  2497 | D        | Noticed a komodo dragon
  2497 | D        | Noticed a cane toad
  2504 | D        | Killed a cane toad
  2512 | D        | Killed a cane toad
  2516 | D        | Killed a komodo dragon
  2517 | D        | Reached XP level 10. HP: 82/101 MP: 9/9
  2919 | D        | Reached skill level 18 in Axes
  3224 | D        | Noticed a lindwurm
  3229 | D        | Killed a lindwurm
  3304 | D        | Noticed Urug
  3311 | D        | Killed Urug
  3312 | D        | Reached skill level 19 in Axes
  3501 | D        | Reached ****** piety under Trog
  3501 | D        | Received a gift from Trog
  3525 | D        | Received a gift from Trog
  3533 | D        | Received a gift from Trog
  3538 | D        | Reached skill level 20 in Axes
  3543 | D        | Reached XP level 11. HP: 111/111 MP: 10/10
  3693 | D        | Noticed Dowan
  3693 | D        | Noticed Duvessa
  3699 | D        | Killed Dowan
  3699 | D        | Received a gift from Trog
  3700 | D        | Reached skill level 15 in Fighting
  3706 | D        | Killed Duvessa
  4056 | D        | Found Ceifoufe's Weapon Boutique.
  4056 | D        | Noticed an orc knight
  4057 | D        | Noticed an orc sorcerer
  4058 | D        | Noticed an orc knight
  4058 | D        | Noticed an orc high priest
  4061 | D        | Killed an orc knight
  4062 | D        | Reached skill level 15 in Armour
  4065 | D        | Paralysed by an orc sorcerer for 3 turns
  4069 | D        | Killed an orc sorcerer
  4070 | D        | Killed an orc knight
  4071 | D        | Reached skill level 21 in Axes
  4073 | D        | Received a gift from Trog
  4083 | D        | HP: 5/171 [orc warrior/+0 trident (17)]
  4090 | D        | Killed an orc high priest
  4091 | D        | Received a gift from Trog
  4419 | D        | Noticed a deep elf zephyrmancer
  4419 | D        | Noticed a deep elf pyromancer
  4419 | D        | Noticed a deep elf knight
  4419 | D        | Noticed a deep elf zephyrmancer
  4419 | D        | Noticed a deep elf zephyrmancer
  4425 | D        | Killed a deep elf knight
  4428 | D        | Killed a deep elf zephyrmancer
  4428 | D        | Noticed a deep elf annihilator
  4430 | D        | Killed a deep elf pyromancer
  4430 | D        | Received a gift from Trog
  4432 | D        | Noticed a deep elf annihilator
  4434 | D        | Killed a deep elf zephyrmancer
  4435 | D        | Reached skill level 22 in Axes
  4435 | D        | Noticed a deep elf death mage
  4438 | D        | Killed a deep elf zephyrmancer
  4535 | D        | Noticed an eight-headed hydra
  4535 | D        | Noticed a six-headed hydra
  4540 | D        | Killed a four-headed hydra
  4541 | D        | Reached skill level 15 in Dodging
  4541 | D        | Killed a six-headed hydra
  4546 | D        | Noticed a death drake
  4551 | D        | Killed a death drake
  4551 | D        | Received a gift from Trog
  4701 | D        | Found a blossoming altar of Fedhas.
  4701 | D        | Noticed a spriggan druid
  4708 | D        | Reached XP level 12. HP: 89/124 MP: 11/11
  4842 | D        | Killed a ghost moth
  4843 | D        | Reached skill level 23 in Axes
  5059 | D        | Noticed a death yak
  5066 | D        | Killed a death yak
  5179 | D        | Identified the +1 pair of gloves "Ecsaeph" {Rampage Dex+3}
  5194 | D        | Received a gift from Trog
  6034 | D        | Noticed a fire dragon
  6045 | D        | Killed a fire dragon
  6180 | D        | Received a gift from Trog
  6187 | D        | Noticed a dire elephant
  6194 | D        | Killed a dire elephant
  6249 | D        | Noticed a dire elephant
  6260 | D        | Killed a dire elephant
  6261 | D        | Reached skill level 24 in Axes
  6382 | D        | Identified the +4 battleaxe of Devotion {vorpal, rN+ rCorr
                  | Int-4 Dex+5} (Trog gifted it to you in the Dungeon)
  6382 | D        | Received a gift from Trog
  6393 | D        | Noticed Rupert
  6409 | D        | Killed Rupert
  6611 | D        | Noticed an azure jelly
  6611 | D        | Noticed an azure jelly
  6611 | D        | Noticed an azure jelly
  6611 | D        | Noticed an azure jelly
  6628 | D        | Noticed a death yak
  6629 | D        | Noticed a death yak
  6637 | D        | Killed a death yak
  6641 | D        | Killed a death yak
  6641 | D        | Received a gift from Trog
  6782 | D        | Noticed a kraken
  6794 | D        | Killed a kraken
  6924 | D        | Found Kyovyax's Antique Weapon Shop.
  6924 | D        | Found Wipoc's Distillery.
  6924 | D        | Found Goph's Jewellery Shoppe.
  6929 | D        | Identified the +12 glaive of Quprob {antimagic, rC+ Will+}
                  | (Trog gifted it to you in the Dungeon)
  6929 | D        | Received a gift from Trog
  6955 | D        | Reached XP level 13. HP: 15/138 MP: 4/12
  7123 | D        | Got a barnacled rune of Zot
  7141 | D        | Bought the ring of Ruthep {rF+ rC+ rCorr Stlth+} for 616
                  | gold pieces
  7145 | D        | Bought a potion of flight for 33 gold pieces
  7145 | D        | Bought a potion of curing for 33 gold pieces
  7145 | D        | Bought a potion of haste for 110 gold pieces
  7145 | D        | Bought a potion of curing for 33 gold pieces
  7145 | D        | Bought a potion of flight for 33 gold pieces
  7145 | D        | Bought a potion of heal wounds for 55 gold pieces
  7145 | D        | Bought a potion of curing for 33 gold pieces
  7145 | D        | Bought a potion of resistance for 110 gold pieces
  7149 | D        | Bought a potion of berserk rage for 55 gold pieces
  7870 | D        | Noticed a deep elf demonologist
  7871 | D        | Noticed a Tzitzimitl
  7871 | D        | Identified the +2 flail "Hellblazer" {antimagic, rPois
                  | rCorr Int+4}
  7873 | D        | Noticed a deep elf blademaster
  7874 | D        | Noticed a Brimstone Fiend
  8192 | D        | Noticed a deep elf annihilator
  8198 | D        | Killed a deep elf blademaster
  8202 | D        | Killed a deep elf death mage
  8203 | D        | Noticed a Tzitzimitl
  8210 | D        | Killed a deep elf annihilator
  8216 | D        | HP: 6/136 [???[a deep elf demonologist] (4)]
  8222 | D        | Killed from afar by a Tzitzimitl

Illustrated notes

Levels and vault maps discovered:
D:        dungeon_sprint_mu [sprint_mu_entry_forest, sprint_mu_temple_rooms,
          sprint_mu_d1_horrors, sprint_mu_d2_genie, sprint_mu_d3_branching,
          sprint_mu_orc_legion, sprint_mu_elf_gauntlet, sprint_mu_hive_nellie,
          sprint_mu_lair_fedhas, sprint_mu_vaults_butterflies,
          sprint_mu_slime_circle, sprint_mu_swamp_cave, sprint_mu_shoals_kraken,
          sprint_mu_blade_basic, sprint_mu_crypt_fortress,
          sprint_mu_tomb_spiral, sprint_mu_vestibule_basic,
          sprint_mu_gehenna_hellfire, sprint_mu_dis_giant,
          sprint_mu_tartarus_statrot, sprint_mu_cocytus_islands, sprint_mu_zot1]

Skill      XL: |  1  2  3  4  5  6  7  8  9 10 11 12 13 |
---------------+----------------------------------------+-----
Axes           | 5 6 7 8 12 13 15 17 20 22 24 | 24.0
Fighting       | 4 5 6 9 10 11 13 14 16 19 20 | 20.0
Armour         | 3 4 5 6 8 9 11 12 14 16 19 | 19.9
Dodging        | 3 4 5 8 10 11 13 15 17 18 | 18.4

Action                   |  1- 3 |  4- 6 |  7- 9 | 10-12 | 13-15 || total
-------------------------+-------+-------+-------+-------+-------++-------
Melee: Hand axe          |    15 |    16 |    48 |       |       ||    79
       Headbutt          |     1 |     4 |    17 |    53 |     4 ||    79
       Battleaxe         |       |       |    48 |   214 |       ||   262
       Executioner's axe |       |       |       |    89 |    24 ||   113
Invok: Berserk           |     2 |     2 |     5 |    12 |     1 ||    22
       Trog's Hand       |       |     1 |       |     1 |     1 ||     3
       Brothers in Arms  |       |       |     3 |     1 |     1 ||     5
  Use: Potion            |       |     2 |       |     1 |     2 ||     5
       Scroll            |       |       |       |     3 |     1 ||     4
Armor: Animal skin       |     2 |     1 |    11 |     3 |       ||    17
       Chain mail        |       |       |       |    83 |       ||    83
       Scale mail        |       |       |       |     6 |     3 ||     9
Dodge: Dodged            |     2 |    12 |    51 |   154 |    13 ||   232
